 Dungeon Crawl Stone Soup version 0.29.1-1-gd02db6906a (webtiles) character file.

Game seed: 8865719490443330514

2840 mtoz the Covert (level 10, 0/60 HPs)
             Began as a Kobold Brigand on Sept 26, 2022.
             Was an Initiate of Gozag.
             Succumbed to a killer bee's poison
             ... on level 8 of the Dungeon.
             The game lasted 00:48:56 (11238 turns).

mtoz the Covert (Kobold Brigand)                   Turns: 11238, Time: 00:48:57

Health: 0/60       AC:  4    Str: 18    XL:     10   Next: 3%
Magic:  10/10      EV: 19    Int: 12    God:    Gozag
Gold:   535        SH:  0    Dex: 23    Spells: 9/9 levels left

rFire   . . .      SeeInvis +   a - +2 dagger
rCold   + + .      Faith    .   (no shield)
rNeg    . . .      Spirit   .   q - +1 robe of the Great Game {rC++ Str+5}
rPois   .          Reflect  .   (no helmet)
rElec   .          Harm     .   c - +0 cloak
rCorr   .          Rampage  .   (no gloves)
Will    .....                   (no boots)
Stlth   ++++++....              (no amulet)
HPRegen 0.20/turn               f - ring of see invisible
MPRegen 0.12/turn               g - +6 ring of dexterity

@: lethally poisoned (0 -> -17), gold aura
A: small, no large weapons, nightstalker 3
a: Renounce Religion, Potion Petition, Call Merchant, Bribe Branch


You were on level 8 of the Dungeon.
You worshipped Gozag.
Gozag was pleased with you.
You visited 2 branches of the dungeon, and saw 9 of its levels.
You also visited: Ossuary.

You collected 612 gold pieces.
You paid 77 gold pieces to Gozag.

Inventory:

Hand Weapons
 a - a +2 dagger (weapon)
 d - a +2 vampiric dagger
 i - a +2 war axe of draining
 k - a +1 dagger of pain
 r - a +0 short sword
 u - a +0 scimitar
 v - a +3 trident
 G - a +2 falchion of holy wrath
Missiles
 e - a curare-tipped dart
 j - 125 stones
 I - 4 poisoned darts
 J - 10 boomerangs (quivered)
 U - 5 javelins
Armour
 b - a +0 robe
 c - a +0 cloak (worn)
 m - a +0 plate armour
 o - a +0 leather armour
 q - the +1 robe of the Great Game (worn) {rC++ Str+5}
   (You found it on level 3 of the Dungeon)

   Str:       It affects your strength (+5).
   rC:        It greatly protects you from cold.
 P - a +0 chain mail
 V - a +0 pair of gloves
Magical Staves
 s - a staff of air
 t - a staff of earth
 y - a staff of fire
Jewellery
 f - a ring of see invisible (left hand)
 g - a +6 ring of dexterity (right hand)
 p - a ring of protection from cold
 B - a ring of see invisible
 F - an amulet of reflection
Wands
 x - a wand of light (5)
Scrolls
 l - 2 scrolls of magic mapping
 n - 3 scrolls of poison {unknown}
 w - 2 scrolls of summoning {unknown}
 C - 3 scrolls of fear {unknown}
 D - 6 scrolls of teleportation {unknown}
 E - 2 scrolls of noise {unknown}
 L - a scroll of immolation
 Q - a scroll of silence {unknown}
 T - a scroll of blinking
 W - a scroll of enchant weapon {unknown}
 X - a scroll of torment {unknown}
Potions
 h - a potion of attraction
 z - 2 potions of lignification
 A - 2 potions of mutation
 H - 7 potions of curing
 K - a potion of flight
 M - a potion of heal wounds {unknown}
 N - 3 potions of haste {unknown}
 O - 2 potions of might {unknown}
 R - a potion of cancellation {unknown}
 S - a potion of degeneration {unknown}


   Skills:
 + Level 5.9 Fighting
 + Level 7.2 Short Blades
 + Level 5.8 Throwing
 + Level 3.7 Armour
 + Level 5.9 Dodging
 + Level 8.9 Stealth
 + Level 5.5 Evocations


You had 9 spell levels left.
You didn't know any spells.
Your spell library contained the following spells:

 Spells                   Type           Power      Damage    Failure   Level
 Shock                    Conj/Air       0%         1d3       32%         1
 Frozen Ramparts          Ice            0%         1d1       69%         3
 Swiftness                Air            0%         N/A       69%         3
 Airstrike                Air            0%         2d(0-16)  97%         4
 Ice Form                 Ice/Tmut       0%         N/A       97%         4
 Summon Ice Beast         Ice/Summ       0%         N/A       97%         4


Dungeon Overview and Level Annotations

Branches:
Dungeon (8/15)             Temple (1/1) D:6         Ossuary (visited)
   Lair: D:8-11

Altars:
Dithmenos
Elyvilon
Gozag
Hepliaklqana
Kikubaaqudgha
Makhleb
Nemelex Xobeh
Okawaru
Qazlal
Ru
Sif Muna
Trog
Uskayaw
Vehumet
Wu Jian
Xom
Yredelemnul
Zin
Lugonu

Shops:
D:4 *(!   D:5 (!=(   D:7 (

Annotations:
D:4 1 runed translucent door, Asparus's ghost, amateur DsCj
D:5 3 runed translucent doors, enotiy's ghost, novice MiFi


Innate Abilities, Weirdness & Mutations

You are small and have problems with some larger weapons.
You are completely attuned to the shadows.


Message History

You are too injured to fight recklessly!
You are too injured to fight recklessly!
You closely miss the killer bee. The killer bee completely misses you.
The killer bee closely misses you. x2; The killer bee misses you.
You hit the killer bee.
The killer bee is lightly wounded.
The killer bee barely misses you. The killer bee stings you.
The killer bee completely misses you. The killer bee stings you.
You are poisoned.
The killer bee poisons you!
You hit the killer bee.
The killer bee is moderately wounded.
You feel sick. The killer bee misses you. The killer bee closely misses you.
The killer bee stings you!
* * * LOW HITPOINT WARNING * * *
The killer bee closely misses you.
You hit the killer bee.
The killer bee is heavily wounded.
You feel sick. The killer bee stings you.
* * * LOW HITPOINT WARNING * * *
You are lethally poisoned!
The killer bee poisons you! The killer bee stings you.
* * * LOW HITPOINT WARNING * * *
You are more poisoned.
The killer bee poisons you!
The killer bee is distracted by your dazzling golden aura.
The killer bee completely misses you. The killer bee closely misses you.
The killer bee barely misses you. The killer bee completely misses you.
The killer bee buzzes angrily.
You closely miss the killer bee.
The killer bee is heavily wounded.
* * * LOW HITPOINT WARNING * * *
You feel sick.
The killer bee is no longer distracted by gold.
The killer bee closely misses you. x2; The killer bee barely misses you.
The killer bee misses you.
You closely miss the killer bee.
The killer bee is heavily wounded.
You die...
Your body crumbles into a pile of gold.

###..##
...##....... #...##
._.88..##### #..##
8......# ##...##
._.88.## ......##
...##.# #....
#.###...##... #.#
#...# .. #.#..##.
#.###...# #.#.y.##
#...#...# ..#.#@y#
#.......#
.....#yy.#
#.###...# $
........##.###...#.
.#.....#......... .
..........#######.
# ...#...#.#.....#
# #
...#.......###..
..## ...........#
#... ......#....#
#####


You could see 4 killer bees.

Vanquished Creatures
  A steam dragon (D:6)
  3 ice beasts
  3 orc warriors (D:7)
  A sky beast (D:8)
  A centaur (D:7)
  4 phantoms
  2 bullfrogs (D:7)
  4 scorpions
  7 killer bees (D:8)
  2 centaur zombies (D:4)
  A jelly (D:6)
  4 orc priests
  A gnoll bouda (D:6)
  6 hounds
  2 scorpion zombies (D:4)
  An iguana (D:5)
  5 orc wizards
  3 hound zombies (D:4)
  A howler monkey zombie (D:4)
  A mummy (Ossuary)
  9 gnolls
  3 adders
  A shadow imp (D:6)
  A white imp (D:6)
  An adder skeleton (D:4)
  A worm (D:4)
  6 dart slugs
  19 orcs
  2 spectral bats (Ossuary)
  3 bats
  12 endoplasms
  3 giant cockroaches
  12 gnoll zombies (Ossuary)
  9 hobgoblins
  2 jackals (D:1)
  2 quokkas
  9 ball pythons
  3 bat simulacra (Ossuary)
  7 frilled lizards
  10 goblins
  3 goblin simulacra (Ossuary)
  3 goblin zombies (Ossuary)
  4 hobgoblin zombies (Ossuary)
  7 kobolds
  4 kobold simulacra (Ossuary)
  5 kobold zombies (Ossuary)
  6 orc zombies (Ossuary)
  A quokka zombie (D:4)
  5 rats (D:1)
  2 rat simulacra (Ossuary)
  2 spectral goblins (Ossuary)
  2 spectral kobolds (Ossuary)
  A spectral rat (Ossuary)
213 creatures vanquished.

Vanquished Creatures (others)
  2 withered plants (D:4)
2 creatures vanquished.

Grand Total: 215 creatures vanquished

Notes
Turn   | Place    | Note
-------+----------+-------------------------------------------
     0 | D:1      | mtoz the Kobold Brigand began the quest for the Orb.
     0 | D:1      | Reached XP level 1. HP: 12/12 MP: 1/1
    33 | D:1      | You fall into a shaft and drop 1 floor!
   114 | D:1      | Reached XP level 2. HP: 18/18 MP: 2/2
   493 | D:1      | Reached XP level 3. HP: 22/22 MP: 3/3
  1473 | D:2      | Reached XP level 4. HP: 22/27 MP: 4/4
  1590 | D:2      | Found a faded altar of an unknown god.
  2547 | D:3      | Identified the +1 robe of the Great Game {rC++ Str+5}
  3142 | D:4      | Reached skill level 6 in Stealth
  3142 | D:4      | Reached XP level 5. HP: 32/32 MP: 5/5
  3249 | D:4      | Found a shimmering altar of Xom.
  3289 | D:4      | Reached skill level 1 in Armour
  3289 | D:4      | Reached skill level 1 in Evocations
  3321 | D:4      | Reached XP level 6. HP: 37/37 MP: 6/6
  3399 | D:4      | Found Piriah Jago's Assorted Antiques.
  3631 | D:4      | Found Fugricraff's Antique Weapon Shoppe.
  3678 | D:4      | Reached XP level 7. HP: 34/41 MP: 7/7
  3895 | D:4      | Found a runed translucent door.
  3895 | D:4      | Noticed Asparus's ghost (amateur DsCj)
  4552 | D:4      | Found Oleis's Distillery.
  4669 | D:5      | Entered Level 5 of the Dungeon
  4675 | D:5      | Found a stormy altar of Qazlal.
  4709 | D:5      | Found a runed translucent gate.
  4941 | D:5      | Found a runed translucent gate.
  4945 | D:5      | Found a runed translucent gate.
  4949 | D:5      | Noticed enotiy's ghost (novice MiFi)
  5080 | D:5      | Reached skill level 7 in Stealth
  5088 | D:5      | Reached XP level 8. HP: 48/48 MP: 8/8
  5198 | D:5      | Reached skill level 5 in Short Blades
  5304 | D:5      | Found Vupsotz's Weapon Shop.
  5309 | D:5      | Found Loshreomy's Jewellery Shop.
  5310 | D:5      | Found Foifej's Distillery.
  6124 | D:5      | Found Railuig's Weapon Shop.
  6606 | D:6      | Found a sand-covered staircase.
  6611 | Ossuary  | Entered an ossuary
  7331 | D:6      | Found a staircase to the Ecumenical Temple.
  7489 | Temple   | Entered the Ecumenical Temple
  7527 | Temple   | Became a worshipper of Gozag Ym Sagoz the Greedy
  7873 | D:6      | Found a basalt altar of Yredelemnul.
  8010 | D:6      | Reached skill level 5 in Fighting
  8010 | D:6      | Reached XP level 9. HP: 54/54 MP: 9/9
  8030 | D:6      | Reached skill level 5 in Throwing
  8341 | D:6      | Found a hazy altar of Hepliaklqana.
  8542 | D:7      | Reached skill level 5 in Dodging
  8542 | D:7      | Reached skill level 8 in Stealth
  8786 | D:7      | Found Hyirol's Weapon Emporium.
  9229 | D:7      | Found a bloodstained altar of Trog.
  9418 | D:7      | Reached skill level 5 in Evocations
 10569 | D:7      | Found an iron altar of Okawaru.
 10769 | D:8      | Found a hide-covered altar of Uskayaw.
 10985 | D:8      | Reached XP level 10. HP: 42/60 MP: 10/10
 11178 | D:8      | Found a white marble altar of Elyvilon.
 11178 | D:8      | Found a glowing silver altar of Zin.
 11237 | D:8      | HP: 3/60 [poisoned by a killer bee]
 11238 | D:8      | Succumbed to a killer bee's poison

Illustrated notes

Levels and vault maps discovered:
D:1:      matt_arrival_spirals, layout_loops_ring
D:2:      layout_basic, hellmonk_ecumenical_altar_heavens_door, chequers_jeans
D:3:      layout_loops_ring
D:4:      layout_loops_ring, mainiacjoe_overflow_six_doors_small,
          gammafunk_ghost_grave, serial_undead, serial_undead_d,
          serial_undead_d, serial_undead_c, serial_undead_a, serial_shops,
          nicolae_shop_temple_entry_statues_fountains, shop, shop,
          chequers_serial_rivers_large_b
D:5:      layout_gridville, grunt_qazlal_sundering, gammafunk_ghost_split,
          minmay_shop_grid_forest
D:6:      layout_basic, kennysheep_little_box, nicolae_overflow_hidden_temple,
          minmay_temple_entry_waves, enter_ossuary_2
D:7:      layout_basic, mainiacjoe_overflow_paths, okawaru_altar_gauntlet_db,
          serial_shops, nicolae_shop_bloodbath_and_beyond
D:8:      layout_basic, dreamdust_divine_triumvirate,
          mainiacjoe_overflow_24_doors
Temple:   corrupted_temple

Skill      XL: |  1  2  3  4  5  6  7  8  9 |
---------------+----------------------------+-----
Short Blades   | 3 4 6 7 |  7.2
Dodging        | 2 3 4 5 |  5.9
Fighting       | 3 4 5 |  5.9
Stealth        | 6 7 8 |  8.9
Throwing       | 3 4 5 |  5.8
Armour         | 1 2 3 |  3.7
Evocations     | 1 2 3 4 5 |  5.5

Action                   |  1- 3 |  4- 6 |  7- 9 | 10-12 || total
-------------------------+-------+-------+-------+-------++-------
Melee: Dagger            |    83 |   119 |   580 |    21 ||   803
       Punch             |       |     1 |     8 |     1 ||    10
Throw: Dart              |    30 |    14 |    69 |       ||   113
       Stone             |       |     8 |    12 |       ||    20
       Throwing net      |       |       |     2 |       ||     2
       Boomerang         |       |       |    16 |     5 ||    21
Evoke: Wand              |       |       |     9 |       ||     9
  Use: Scroll            |     2 |     1 |     7 |       ||    10
 Stab: Sleeping          |     7 |    22 |    29 |       ||    58
       Distracted        |       |     1 |     1 |       ||     2
       Held in net/web   |       |       |     1 |       ||     1
Armor: Plate armour      |     5 |       |       |       ||     5
       Robe              |     2 |    15 |    50 |     3 ||    70
Dodge: Dodged            |    34 |    40 |   329 |    56 ||   459
